 Dungeon Crawl Stone Soup version 0.23-a0-756-g517b432 (webtiles) character file.

18931 MalarOregon the Nimble (level 12, -4/93 HPs)
             Began as a Merfolk Ice Elementalist on Jan 17, 2019.
             Was a High Priest of Yredelemnul.
             Killed from afar by an oklob plant (8 damage)
             ... with a splash of acid
             ... on level 3 of the Lair of Beasts on Jan 19, 2019.
             The game lasted 00:40:10 (14316 turns).

MalarOregon the Nimble (Merfolk Ice Elementalist)  Turns: 14316, Time: 00:40:11

Health: -4/93      AC:  1    Str:  8    XL:     12   Next: 63%
Magic:  22/22      EV: 19    Int: 24    God:    Yredelemnul [*****.]
Gold:   624        SH:  0    Dex: 15    Spells: 8/24 levels left

rFire    + . .     SeeInvis .   a - +4 great sword (freeze)
rCold    x . .     Gourm    .   (shield currently unavailable)
rNeg     + . .     Faith    .   E - +1 robe of Forking Paths {Int+5}
rPois    .         Spirit   .   i - +1 helmet
rElec    .         Reflect  .   o - +2 cloak {+Inv}
rCorr    .         Harm     .   (no gloves)
MR       .....                  (no boots)
Stlth    ++........             v - amulet of rage
HPRegen  0.25/turn              w - ring of positive energy
MPRegen  0.18/turn              O - ring of fire

@: corroded, studying Fire Magic
A: change form in water, swift swim, stealthy swim
a: Recall Undead Slaves, Injury Mirror, Animate Dead, Drain Life, Enslave Soul,
Renounce Religion, Evoke Berserk Rage, Evoke Invisibility


You were on level 3 of the Lair of Beasts.
You worshipped Yredelemnul.
Yredelemnul was extremely pleased with you.
You were hungry.

You visited 3 branches of the dungeon, and saw 13 of its levels.
You also visited: Sewer, Ossuary and Volcano.

You collected 624 gold pieces.

Inventory:

Hand Weapons
 a - a +4 great sword of freezing (weapon)
   (You took it off a hobgoblin on level 2 of the Dungeon)
 b - a +1 great sword of flaming
   (You found it in a volcano)
 R - a +2 dagger of speed
   (You took it off a goblin on level 2 of the Dungeon)
Missiles
 G - 2 throwing nets (quivered) {!f}
Armour
 d - a +0 buckler
   (You found it in a sewer)
 f - a +0 leather armour of cold resistance
   (You took it off Edmund on level 4 of the Dungeon)
 i - a +1 helmet (worn)
   (You took it off Robin on level 2 of the Dungeon)
 o - a +2 cloak of invisibility (worn)
   (You took it off Crazy Yiuf on level 4 of the Dungeon)
 u - a +1 chain mail of fire resistance
   (You took it off a hell knight in a volcano)
 E - the +1 robe of Forking Paths (worn) {Int+5}
   (You found it on level 6 of the Dungeon)

   It affects your intelligence (+5).
 H - a +0 leather armour of magic resistance
   (You took it off an orc on level 7 of the Dungeon)
Jewellery
 v - an amulet of rage (around neck)
   (You found it on level 4 of the Dungeon)
 w - a ring of positive energy (left hand)
   (You found it on level 6 of the Dungeon)
 B - an uncursed amulet of faith {unknown}
   (You found it on level 3 of the Lair of Beasts)
 M - an uncursed amulet of guardian spirit {unknown}
   (You found it on level 3 of the Lair of Beasts)
 O - a ring of fire (right hand)
   (You found it on level 2 of the Lair of Beasts)
Scrolls
 m - 16 scrolls of remove curse {@r2}
 p - 2 scrolls of immolation {!r}
 q - 5 scrolls of teleportation {@r4}
 t - 3 scrolls of blinking
 y - a scroll of magic mapping
 F - a scroll of fog
 I - 7 scrolls of identify {@r1}
 J - a scroll of noise {unknown}
Potions
 g - 3 potions of invisibility
 h - a potion of berserk rage
 j - 4 potions of heal wounds {unknown}
 k - 6 potions of curing {@q1}
 l - 4 potions of agility {unknown}
 n - 5 potions of lignification {unknown}
 r - 2 potions of degeneration {unknown}
 s - 2 potions of flight
 x - 4 potions of resistance {unknown}
 z - 2 potions of mutation {unknown}
 A - a potion of ambrosia {unknown}
 D - 2 potions of haste {unknown}
 K - a potion of cancellation {unknown}
 P - a potion of experience {unknown}
 Q - a potion of might {unknown}
Books
 C - a manual of Fire Magic {!d}
   (You found it on level 5 of the Dungeon)
Comestibles
 e - 14 rations {!d}


   Skills:
 * Level 8.2 Fighting
 * Level 7.6 Long Blades
 * Level 5.5 Armour
 * Level 10.0 Dodging
 - Level 2.1 Stealth
 * Level 6.9 Spellcasting
 + Level 3.7 Conjurations
 + Level 4.3 Summonings
 - Level 4.0 Fire Magic
 * Level 8.8 Ice Magic
 + Level 3.4 Poison Magic
 + Level 4.7 Invocations
 + Level 4.0 Evocations


You had 8 spell levels left.
You knew the following spells:

 Your Spells              Type           Power        Failure   Level  Hunger
a - Freeze                Ice            ####         1%          1    None
b - Poisonous Vapours     Pois/Air       ###...       5%          2    None
c - Throw Icicle          Conj/Ice       #####...     5%          4    ###....
d - Summon Ice Beast      Ice/Summ       #####...     4%          4    ###....
f - Mephitic Cloud        Conj/Pois/Air  ###.....     9%          3    None
x - Throw Frost           Conj/Ice       #####.       1%          2    None

Your spell library contained the following spells:

 Spells                   Type           Power        Failure   Level  Hunger
 Sting                    Conj/Pois      ####         1%          1    None
 Ozocubu's Armour         Chrm/Ice       ####....     3%          3    None
 Olgreb's Toxic Radiance  Pois           ####....     17%         4    ###....
 Venom Bolt               Conj/Pois      ####......   43%         5    #####..


Dungeon Overview and Level Annotations

Branches:
Dungeon (9/15)             Temple (1/1) D:4            Lair (3/6) D:9
  Swamp (0/4) Lair:2        Snake (0/4) Lair:3
    Orc: D:9-12

Altars:
Ashenzari
Cheibriados
Dithmenos
Elyvilon
Fedhas
Hepliaklqana
Kikubaaqudgha
Makhleb
Nemelex Xobeh
Qazlal
Ru
Sif Muna
Trog
Uskayaw
Vehumet
Wu Jian
Xom
Yredelemnul
Zin
The Shining One

Shops:
D:8 :

Annotations:
Lair:3 exclusion: 2 oklob plants


Message History

The oklob plant is destroyed!
Yredelemnul accepts your kill.
Your Dodging skill increases to level 10!
The oklob plant spits acid at you.
The splash of acid hits your flying skull.
Your flying skull is splashed with acid.
The acid corrodes your flying skull! Yredelemnul grants you a wraith!
You aren't carrying any items that you can evoke.
There isn't anything here!
You aren't carrying any items that you can evoke.
Your flying skull hits the oklob plant but does no damage.
Your flying skull hits the oklob plant.
The oklob plant spits acid at you.
The splash of acid hits your flying skull.
Your flying skull is splashed with acid.
The acid corrodes your flying skull!
Your flying skull is destroyed!
Your flying skull hits the oklob plant but does no damage.
Your flying skull hits the oklob plant!
You see here 18 gold pieces.
Your flying skull hits the oklob plant.
You see here 13 gold pieces.
You catch the helpless oklob plant completely off-guard!
You hit the oklob plant but do no damage.
Your flying skull hits the oklob plant.
Your wraith hits the plant.
Your wraith drains the plant's vigour!
Your flying skull hits the oklob plant but does no damage.
The oklob plant spits acid at you. The splash of acid hits you!
* * * LOW HITPOINT WARNING * * *
The acid corrodes you!
You are splashed with acid!
The acid burns!
* * * LOW HITPOINT WARNING * * *
Your wraith hits the plant!
Your wraith drains the plant's vigour!
You hit the oklob plant. You freeze the oklob plant.
Your flying skull hits the oklob plant.
Your flying skull hits the oklob plant but does no damage.
Your wraith hits the plant.
You hit the oklob plant but do no damage.
Your flying skull hits the oklob plant.
The oklob plant spits acid at you. The splash of acid hits you!
* * * LOW HITPOINT WARNING * * *
You are splashed with acid!
The acid burns!
* * * LOW HITPOINT WARNING * * *
Your wraith hits the plant!
Your flying skull hits the oklob plant.
The oklob plant spits acid at you. The splash of acid hits you!
You die...
Your body rises from the dead as a mindless zombie.

###### #%...# ### #####
#######.$PP# #####.#######
P##.###.#.P##.z$@####.##.#.#.#.P.
............#.?$$#...............
..........###P.PP##.#....##......
.#.+#.#...##....W.###....##.....#
###.###...##......##............#
##.(.##...###..P#####....##......
(((.<.#...##.#....##.............
##...##(........................#
.#...##.....#########....##.....#


You could see 2 oklob plants, a friendly wraith and a friendly flying skull.

Vanquished Creatures
  An ogre mage (Volcano)
  A hydra (Lair:2)
  3 two-headed ogres (Volcano)
  A hell knight (Volcano)
  Sonja (Lair:3)
  An oklob plant (Lair:1)
  An elephant (Lair:3)
  A spiny frog (Lair:1)
  A blink frog (Lair:2)
  A wyvern (D:9)
  2 yaks (D:9)
  A human (D:2)
  Grum (D:8)
  10 fire bats (Volcano)
  Menkaure (Ossuary)
  3 nagas (Lair:3)
  4 water moccasins
  2 porcupines
  Purgy (Sewer)
  Duvessa (D:6)
  2 ice beasts
  An orc warrior (D:9)
  2 phantoms (D:5)
  9 ogres
  4 centaurs
  An elf zombie (Ossuary)
  A big kobold (D:8)
  9 bullfrogs
  Dowan (D:6)
  3 killer bees (D:9)
  2 howler monkeys (D:8)
  4 crimson imps
  3 centaur zombies (Ossuary)
  4 hounds
  6 lava snakes (Volcano)
  A human zombie (Ossuary)
  4 orc wizards
  Crazy Yiuf (D:4)
  4 orc priests
  A bullfrog skeleton (D:4)
  2 jellies
  A human skeleton (D:2)
  2 iguanas
  Natasha (thrice) (D:2)
  7 worker ants
  A big kobold zombie (Ossuary)
  2 ogre zombies (Ossuary)
  6 mummies (Ossuary)
  A hound skeleton (D:5)
  A worker ant zombie (D:8)
  Robin (D:2)
  12 adders
  A shadow imp (D:7)
  An ooze (D:2)
  5 adder zombies
  3 worms
  4 leopard geckos
  13 orcs
  8 giant cockroaches
  2 gnoll zombies (Ossuary)
  14 goblins
  10 hobgoblins
  8 jackals
  17 kobolds
  6 quokkas
  5 bats
  4 frilled lizards
  2 goblin zombies (Ossuary)
  5 hobgoblin zombies (Ossuary)
  5 kobold zombies
  4 quokka zombies (Ossuary)
  30 rats
  2 rat zombies (Ossuary)
  A plant (Lair:1)
290 creatures vanquished.

Vanquished Creatures (collateral kills)
  Harold (Lair:2)
  A two-headed ogre (D:9)
  An oklob plant (Lair:3)
  5 elephants (Lair:3)
  A black mamba (Lair:3)
  2 spiny frogs (Lair:3)
  A rime drake (Lair:3)
  A komodo dragon (D:9)
  A troll (D:9)
  2 hippogriffs
  7 blink frogs (Lair:2)
  5 yaks
  A basilisk (Lair:1)
  A naga (Lair:3)
  Edmund (D:4)
  7 water moccasins
  2 orc warriors (D:7)
  4 porcupines
  A sky beast (D:7)
  A necrophage (D:8)
  7 wolves
  A centaur (D:9)
  3 crocodiles
  8 bullfrogs
  2 scorpions
  2 killer bees (D:9)
  An iguana (D:7)
  A jelly (D:7)
  An orc priest (D:9)
  2 orc wizards (D:9)
  2 bullfrog skeletons
  A worker ant (D:9)
  An adder (D:9)
  A shadow imp (D:9)
  An adder skeleton (D:9)
  A leopard gecko (D:6)
  9 orcs
  A jackal (D:8)
  A leopard gecko skeleton (D:7)
  9 fungi
  9 plants
110 creatures vanquished.

Vanquished Creatures (others)
  9 flying skulls
  A wraith (Lair:3)
  A wight (Lair:3)
  A fungus (Lair:3)
  3 plants
15 creatures vanquished.

Grand Total: 415 creatures vanquished

Notes
Turn   | Place    | Note
-------+----------+-------------------------------------------
     0 | D:1      | MalarOregon the Merfolk Ice Elementalist began the quest
                  | for the Orb.
     0 | D:1      | Reached XP level 1. HP: 13/13 MP: 3/3
    91 | D:1      | Reached XP level 2. HP: 16/20 MP: 3/5
   169 | D:1      | Reached skill level 3 in Dodging
   665 | D:1      | Reached skill level 1 in Fighting
   677 | D:1      | Reached XP level 3. HP: 24/26 MP: 2/6
   853 | D:2      | Noticed Robin
   939 | D:2      | Killed Robin
  1012 | D:2      | Upgraded the game from 0.23-a0-730-g0b75920 to
                  | 0.23-a0-756-g517b432
  1211 | D:2      | Reached XP level 4. HP: 32/32 MP: 7/7
  1889 | D:2      | Reached skill level 1 in Armour
  1983 | D:2      | Noticed Natasha
  1990 | D:2      | Killed Natasha
  2005 | D:2      | Noticed a human
  2006 | D:2      | Found a runed door.
  2030 | D:2      | Reached skill level 1 in Long Blades
  2030 | D:2      | Reached XP level 5. HP: 17/38 MP: 5/9
  2038 | D:2      | Noticed Natasha
  2045 | D:2      | Killed Natasha
  2266 | D:2      | Found a basalt altar of Yredelemnul.
  2353 | D:2      | Noticed Natasha
  2361 | D:2      | Killed Natasha
  2361 | D:2      | Reached skill level 4 in Dodging
  2553 | D:2      | Killed a human
  2553 | D:2      | Reached XP level 6. HP: 6/46 MP: 0/10
  2641 | D:2      | Became a worshipper of Yredelemnul the Dark
  3068 | D:3      | Found a shattered altar of Ashenzari.
  3140 | D:3      | Reached * piety under Yredelemnul
  3146 | D:3      | Reached XP level 7. HP: 35/52 MP: 2/12
  3432 | D:3      | Reached skill level 5 in Dodging
  3843 | D:3      | Found a bloodstained altar of Trog.
  3849 | D:3      | Reached ** piety under Yredelemnul
  4248 | D:4      | Reached skill level 5 in Ice Magic
  4502 | D:4      | Learned a level 4 spell: Summon Ice Beast
  4622 | D:4      | Learned a level 2 spell: Throw Frost
  4627 | D:4      | Learned a level 4 spell: Throw Icicle
  4645 | D:4      | Found a staircase to the Ecumenical Temple.
  4812 | D:4      | Found a runed door.
  4925 | D:4      | Noticed Edmund
  4941 | D:4      | Killed Edmund
  4941 | D:4      | Reached XP level 8. HP: 49/60 MP: 1/13
  5210 | D:4      | Noticed Crazy Yiuf
  5220 | D:4      | Killed Crazy Yiuf
  5321 | Temple   | Entered the Ecumenical Temple
  5493 | D:5      | Entered Level 5 of the Dungeon
  5612 | D:5      | Reached skill level 6 in Dodging
  5612 | D:5      | Reached skill level 1 in Conjurations
  5698 | D:5      | Found a glowing drain.
  5709 | Sewer    | Entered a sewer
  5758 | Sewer    | Noticed Purgy
  5772 | Sewer    | Killed Purgy
  5772 | Sewer    | Reached skill level 1 in Invocations
  5772 | Sewer    | Reached skill level 1 in Evocations
  5898 | D:5      | Found a sand-covered staircase.
  5905 | Ossuary  | Entered an ossuary
  6173 | Ossuary  | Noticed Menkaure
  6195 | Ossuary  | Killed Menkaure
  6195 | Ossuary  | Reached skill level 1 in Summonings
  6195 | Ossuary  | Reached XP level 9. HP: 18/66 MP: 15/15
  6517 | Ossuary  | Reached *** piety under Yredelemnul
  6770 | D:5      | Reached skill level 5 in Fighting
  7310 | D:6      | Noticed Duvessa
  7312 | D:6      | Noticed Dowan
  7313 | D:6      | Killed Duvessa
  7318 | D:6      | Killed Dowan
  7331 | D:6      | Got a heavily jewelled robe
  7343 | D:6      | Identified the +1 robe of Forking Paths {Int+5} (You found
                  | it on level 6 of the Dungeon)
  7528 | D:6      | Reached skill level 7 in Dodging
  7801 | D:6      | Received a gift from Yredelemnul (3 flying skulls)
  8216 | D:7      | Found a basalt altar of Yredelemnul.
  8223 | D:7      | Received a gift from Yredelemnul (a wight)
  8363 | D:7      | Reached skill level 5 in Long Blades
  8363 | D:7      | Reached skill level 5 in Spellcasting
  8565 | D:7      | Found a burning altar of Makhleb.
  8713 | D:7      | Reached XP level 10. HP: 72/76 MP: 17/17
  9016 | D:8      | Reached **** piety under Yredelemnul
  9108 | D:8      | Received a gift from Yredelemnul (a wight)
  9169 | D:8      | Noticed Grum
  9176 | D:8      | Killed Grum
  9660 | D:8      | Found Wuydapueg's Book Shoppe.
  9668 | D:8      | Learned a level 2 spell: Poisonous Vapours
  9672 | D:8      | Learned a level 3 spell: Mephitic Cloud
 10008 | D:9      | Received a gift from Yredelemnul (a wraith)
 10104 | D:9      | Reached skill level 8 in Dodging
 10104 | D:9      | Reached skill level 1 in Fire Magic
 10169 | D:9      | Noticed a two-headed ogre
 10177 | D:9      | Killed a two-headed ogre
 10177 | D:9      | Reached skill level 1 in Poison Magic
 10197 | D:9      | Received a gift from Yredelemnul (5 flying skulls)
 10640 | D:9      | Found a staircase to the Lair.
 10660 | Lair:1   | Entered Level 1 of the Lair of Beasts
 10680 | Lair:1   | Received a gift from Yredelemnul (2 flying skulls)
 10705 | Lair:1   | Reached XP level 11. HP: 74/83 MP: 19/19
 10940 | Lair:1   | Noticed an oklob plant
 10957 | Lair:1   | Killed an oklob plant
 11292 | Lair:2   | Reached ***** piety under Yredelemnul
 11484 | Lair:2   | Found a dark tunnel.
 11492 | Volcano  | Entered a volcano
 11615 | Volcano  | Noticed a two-headed ogre
 11616 | Volcano  | Noticed a two-headed ogre
 11617 | Volcano  | Noticed a two-headed ogre
 11619 | Volcano  | Noticed a hell knight
 11620 | Volcano  | Noticed an ogre mage
 11625 | Volcano  | Killed a two-headed ogre
 11625 | Volcano  | Reached skill level 9 in Dodging
 11632 | Volcano  | Killed a two-headed ogre
 11638 | Volcano  | Killed a two-headed ogre
 11645 | Volcano  | Killed an ogre mage
 11645 | Volcano  | Reached skill level 5 in Armour
 11662 | Volcano  | Killed a hell knight
 11662 | Volcano  | Reached XP level 12. HP: 16/91 MP: 13/21
 11676 | Volcano  | Found a bloodstained altar of Trog.
 11959 | Lair:2   | Found a staircase to the Swamp.
 12131 | Lair:2   | Noticed Harold
 12134 | Lair:2   | Noticed a seven-headed hydra
 12138 | Lair:2   | Killed Harold
 12144 | Lair:2   | Killed a four-headed hydra
 12967 | Lair:3   | Noticed Sonja
 13032 | Lair:3   | Killed Sonja
 13318 | Lair:3   | Found a staircase to the Snake Pit.
 14310 | Lair:3   | Reached skill level 10 in Dodging
 14311 | Lair:3   | Received a gift from Yredelemnul (a wraith)
 14316 | Lair:3   | HP: 4/93 [acid (12)]
 14316 | Lair:3   | Killed from afar by an oklob plant

Vault maps used:
D:1:      lightli_iron_boxes, chequers_avenue
D:2:      dk_yredelemnul_ordeal, uniq_natasha, uniq_robin
D:3:      minmay_recursive_quarters, cheibrodos_ashenzari_chains,
          lightli_temple_of_fire, minmay_rat_hole
D:4:      minmay_temple_entry_ruins, first_ration, uniq_edmund,
          uniq_crazy_yiuf_cottage
D:5:      nicolae_overflow_hidden_temple, chequers_ossuary_entry_cave,
          portal_sewer_entry_d, minmay_manual_mares
D:6:      kennysheep_dice, uniq_duvessa
D:7:      lemuel_coloured_pillars_altar, nicolae_overflow_crystal_walls
D:8:      serial_shops, kennysheep_little_box, uniq_grum
D:9:      david_lair_shrubbed
Temple:   eino_temple_rhombus
Lair:1:   chequers_serial_rivers_micro_b, minmay_lair_oklob_items, minivault_11,
          infiniplex_staircase_pool_2
Lair:2:   swamp_mist, lightli_volcano_entry_magma_tube, grunt_megastairs_5,
          uniq_harold
Lair:3:   minmay_snake_entry_guardpost_small, minmay_lair_oklob_chamber,
          grunt_megastairs_4, uniq_sonja
Sewer:    sewer_the_crocodile
Ossuary:  ossuary_boxes_badplayer
Volcano:  volcano_grotto

Skill      XL: |  1  2  3  4  5  6  7  8  9 10 11 12 |
---------------+-------------------------------------+-----
Dodging        | 3 4 5 6 7 8 9 10 | 10.0
Fighting       | 1 2 3 4 5 6 7 8 |  8.2
Armour         | 1 2 3 4 5 |  5.5
Long Blades    | 1 2 3 4 5 6 7 |  7.6
Ice Magic      | 4 5 6 7 8 |  8.8
Spellcasting   | 3 4 5 6 |  6.9
Conjurations   | 1 2 3 |  3.7
Invocations    | 1 2 3 4 |  4.7
Evocations     | 1 2 3 4 |  4.0
Summonings     | 1 2 3 4 |  4.3
Fire Magic     | 2 3 4 |  4.0
Poison Magic   | 1 2 3 |  3.4
Stealth        | |  2.1

Action                   |  1- 3 |  4- 6 |  7- 9 | 10-12 || total
-------------------------+-------+-------+-------+-------++-------
Melee: Unarmed           |     6 |       |       |       ||     6
       Short sword       |    37 |       |       |       ||    37
       Dagger            |    11 |   105 |   176 |       ||   292
       Great sword       |       |       |   167 |   264 ||   431
 Cast: Freeze            |    41 |    69 |   109 |     6 ||   225
       Summon Ice Beast  |       |       |     3 |       ||     3
       Throw Frost       |       |       |     2 |    20 ||    22
       Poisonous Vapours |       |       |       |     8 ||     8
       Mephitic Cloud    |       |       |       |     1 ||     1
Invok: Recall Undead Sla |       |       |       |     4 ||     4
       Drain Life        |       |       |       |     1 ||     1
 Abil: Evoke Berserk Rag |       |       |     1 |       ||     1
Evoke: Wand              |       |       |     1 |    13 ||    14
  Use: Scroll            |       |       |    11 |     4 ||    15
       Potion            |       |       |     4 |     3 ||     7
 Stab: Distracted        |     1 |       |     1 |     6 ||     8
       Sleeping          |     1 |     1 |     9 |     4 ||    15
       Invisible         |       |       |     4 |       ||     4
       Paralysed         |       |       |     2 |    19 ||    21
       Confused          |       |       |       |     2 ||     2
  Eat: Chunk             |     2 |     6 |    16 |    11 ||    35
       Ration            |       |       |     1 |     2 ||     3
Armor: Robe              |     6 |    14 |     3 |    78 ||   101
       Ring mail         |       |     7 |    28 |       ||    35
       Leather armour    |       |       |    54 |       ||    54
Dodge: Dodged            |    60 |    71 |   295 |   283 ||   709
       Rpst.: Great sword |       |       |    42 |    88 ||   130

Table legend:
 A = Non-vault XP
 B = Vault XP
 C = Vault XP percentage of total XP
 D = Non-vault monster count
 E = Vault monster count
 F = Vault count percentage of total count
                 A         B        C        D         E       F
            +---------+---------+-------+---------+---------+-------
      Total |   14702 |   12343 |  45.6 |     248 |     133 |  34.9
            +---------+---------+-------+---------+---------+-------
        D:1 |      37 |       0 |   0.0 |      23 |       0 |   0.0
        D:2 |     152 |     307 |  66.9 |      17 |      18 |  51.4
        D:3 |     293 |      42 |  12.5 |      30 |      24 |  44.4
        D:4 |     489 |     125 |  20.4 |      12 |       2 |  14.3
        D:5 |     721 |     244 |  25.3 |      16 |       3 |  15.8
        D:6 |     418 |     214 |  33.9 |      13 |       2 |  13.3
        D:7 |     906 |       0 |   0.0 |      20 |       0 |   0.0
        D:8 |     980 |     298 |  23.3 |      27 |       3 |  10.0
        D:9 |    2582 |     221 |   7.9 |      36 |       1 |   2.7
     Lair:1 |     913 |     336 |  26.9 |       8 |       1 |  11.1
     Lair:2 |    3035 |    1340 |  30.6 |      25 |       6 |  19.4
     Lair:3 |    4176 |    1841 |  30.6 |      21 |       9 |  30.0
      Sewer |       0 |     150 | 100.0 |       0 |       6 | 100.0
    Ossuary |       0 |     674 | 100.0 |       0 |      37 | 100.0
    Volcano |       0 |    6551 | 100.0 |       0 |      21 | 100.0
            +---------+---------+-------+---------+---------+-------
